 Dungeon Crawl Stone Soup version 0.14-a0-3367-g7c2a7eb (webtiles) character file.

125 MrRokkomies the Charmwright (level 3, -4/27 HPs)
             Began as a Demonspawn Skald on Mar 19, 2014.
             Slain by a gnoll
             ... wielding a +1,+4 spear of dragon slaying
              (10 damage)
             ... on Level 2 of the Dungeon.
             The game lasted 00:04:46 (1599 turns).

MrRokkomies the Charmwright (Demonspawn Skald)      Turns: 1599, Time: 00:04:46

HP  -4/27        AC  3     Str 12      XL: 3   Next: 23%
MP   0/6         EV 10     Int 14      God:
Gold 88          SH  0     Dex 12      Spells:  3 memorised,  1 level left

rFire  . . .     SeeInvis .     a - +0 mace
rCold  . . .     Clarity  .     b - +0 leather armour
rNeg   . . .     Conserve .     (no shield)
rPois  .         rCorr    .     (no helmet)
rElec  .         rRot     .     (no cloak)
SustAb . .       Spirit   .     (no gloves)
rMut   .         Warding  .     (no boots)
Gourm  +         Stasis   .     g - amulet of the gourmand
MR     .....                    (no ring)
                                (no ring)

@: not resistant to hostile enchantments, very unstealthy
A: hooves 1, demonic guardian 1
a: no special abilities


You were on level 2 of the Dungeon.
You were hungry.

You visited 1 branch of the dungeon, and saw 2 of its levels.

You collected 88 gold pieces.

Inventory:

Hand weapons
 a - a +0,+0 mace (weapon)
Missiles
 e - 23 sling bullets
 i - 9 bolts of flame
Armour
 b - a +0 leather armour (worn)
Comestibles
 d - 3 bread rations
 k - a banana
 n - a beef jerky
 p - a pear
 q - an apricot
 w - an apple
Scrolls
 o - a scroll of enchant weapon I {unknown}
 r - 2 scrolls of random uselessness {unknown}
 t - a scroll of enchant armour {unknown}
 u - a scroll of recharging {unknown}
 v - a scroll of remove curse {unknown}
Jewellery
 g - an amulet of the gourmand (around neck)
Potions
 f - 2 potions of curing
 h - a potion of flight {unknown}
 j - 2 potions of heal wounds
 l - a potion of lignification {unknown}
 m - a potion of might {unknown}
 s - a potion of experience {unknown}
Books
 c - a book of Battle

   Spells                             Type                      Level
   *Infusion                          Charms                       1
   *Shroud of Golubria                Charms/Translocation         2
   *Song of Slaying                   Charms                       2
   Spectral Weapon                    Hexes/Charms                 3
   Regeneration                       Charms/Necromancy            3


   Skills:
 - Level 2.0 Fighting
 * Level 2.8 Maces & Flails
 - Level 0.8 Armour
 * Level 1.4 Dodging
 - Level 2.0 Spellcasting
 - Level 3.0 Charms


You had one spell level left.
You knew the following spells:

 Your Spells              Type           Power        Failure   Level  Hunger
a - Infusion              Chrm           #.....       10%         1    ##.....
b - Shroud of Golubria    Chrm/Tloc      #.........   21%         2    ###....
c - Song of Slaying       Chrm           #.......     12%         2    ###....


Dungeon Overview and Level Annotations

Branches:
Dungeon (2/15)

Altars:


Innate Abilities, Weirdness & Mutations

You have large cloven feet.
A weak demonic guardian rushes to your aid.


Message History

Your white imp hits the gnoll but does no damage.
Casting: Shroud of Golubria
Confirm with . or Enter, or press ? or * to list all spells.
You don't have enough magic to cast that spell.
Your shroud bends the gnoll's attack away.
Your white imp barely misses the gnoll.
You swap places.
The gnoll completely misses you.
There is a stone staircase leading down here.
Things that are here:
a club; a goblin corpse You hit the gnoll!
You kick the gnoll, but do no damage.
The gnoll is severely wounded.
The gnoll hits you with a glowing spear!
* * * LOW HITPOINT WARNING * * *
Your shroud falls apart!
The gnoll closely misses you.
You closely miss the gnoll.
The gnoll is severely wounded.
The gnoll hits you with a glowing spear!
You die...

###..(.)...........
#...#####..#.....#
##########...#####..#...#####
.............................
################....##...##..
#####.........#
#...#......?..#
#####...###....####
........55@gg.......#
..#########).#####. .?....
#..#### #g.# #g.. ##g## ..


You could see 2 gnolls and 2 friendly white imps.

Vanquished Creatures
  A giant gecko (D:2)
  An ooze (D:2)
  4 bats
  2 giant cockroaches
  4 goblins
  4 hobgoblins (D:1)
  10 kobolds
  A giant newt (D:2)
  5 rats
32 creatures vanquished.

Vanquished Creatures (others)
  A crimson imp (D:2)
1 creature vanquished.

Grand Total: 33 creatures vanquished

Notes
Turn   | Place    | Note
--------------------------------------------------------------
     0 | D:1      | MrRokkomies, the Demonspawn Skald, began the quest for the Orb.
     0 | D:1      | Reached XP level 1. HP: 16/16 MP: 3/3
   458 | D:1      | Gained mutation: A weak demonic guardian rushes to your aid. [demonic ancestry]
   458 | D:1      | Reached XP level 2. HP: 19/22 MP: 4/4
   566 | D:1      | Reached skill level 3 in Charms
   667 | D:1      | Learned a level 2 spell: Shroud of Golubria
   670 | D:1      | Learned a level 2 spell: Song of Slaying
   717 | D:1      | Reached skill level 1 in Dodging
  1365 | D:2      | Gained mutation: You have large cloven feet. [demonic ancestry]
  1365 | D:2      | Reached XP level 3. HP: 19/27 MP: 6/6
  1599 | D:2      | Slain by a gnoll

Action                   || total
-------------------------++-------
Melee: Mace              ||   116
 Cast: Shroud of Golubri ||     2
       Infusion          ||     1
  Use: Scroll            ||     2
